cohdb
Replays
Latest Replays
All Replays
Popular Replays
Top Player Replays
Match Explorer
How It Works
Community
CoH3 Stats
Reddit
Sign in to upload your games and track your stats! →
Sign in with Steam
Match 42636753
Unlisted
Match 42636753
Overview
Messages
Build Orders
End
Pioneer Squad
Construct Infanterie Kompanie
MG 42 Machine Gun Team
Selects Italian Coastal Battlegroup
Selects Coastal Reserves
Coastal Reserve
GrW 34 Mortar Team
MG 42 Bunker
Coastal Reserve
MG 42 Bunker
Construct Panzergrenadier Kompanie
MG 42 Bunker
Construct Panzer Kompanie
Selects Artillery Officer
Selects Artillery Officer
Selects Support Bunkers
Selects Support Bunkers
Panzer IV Medium Tank
Selects Coastal Wall
Selects Designated Artillery Overwatch
Coastal Reserve
Infanterie Officer Quarters
Panzer IV Medium Tank
Selects Bulwark
MG 42 Bunker
Artillery Officer
Coastal Reserve
Medical Bunker
Sturmpanzer IV Brummbär
Repair Bunker
MG 42 Bunker
Panzer Officer Quarters
Side Skirts
LPG
Dave
Quack
compsecmonkey
Juggermarc
akik_ele
0
0
Comments
sign in to comment!
No comments posted yet!